 Dungeon Crawl Stone Soup version 0.28-a0-724-g66f9036eb4 (webtiles) character file.

Game seed: 10066315457385842604

28 spiderkeys the Skirmisher (level 3, -4/29 HPs)
             Began as a Human Abyssal Knight on Oct 26, 2021.
             Was a Follower of Lugonu.
             Slain by a red devil (19 damage)
             ... on level 2 of the Abyss.
             The game lasted 00:00:35 (126 turns).

spiderkeys the Skirmisher (Human Abyssal Knight)     Turns: 126, Time: 00:00:36

Health: -4/29      AC:  3    Str: 13    XL:     3   Next: 27%
Magic:  4/4        EV: 11    Int: 11    God:    Lugonu [*.....]
Gold:   18         SH:  0    Dex: 13    Spells: 2/2 levels left

rFire   . . .      SeeInvis .   a - +1 falchion
rCold   . . .      Faith    .   (no shield)
rNeg    . . .      Spirit   .   b - +0 leather armour
rPois   .          Reflect  .   (no helmet)
rElec   .          Harm     .   (no cloak)
rCorr   .          Rampage  .   (no gloves)
Will    .....                   (no boots)
Stlth   +.........              (no amulet)
HPRegen 0.09/turn               (no ring)
MPRegen 0.09/turn               (no ring)

@: no status effects
A: no striking features
a: Renounce Religion, Depart the Abyss


You were on level 2 of the Abyss.
You worshipped Lugonu.
Lugonu was aware of your devotion.
You visited 0 branches of the dungeon, and saw 0 of its levels.
You visited the Abyss 1 time.

You collected 18 gold pieces.


   Skills:
 + Level 3.2 Fighting
 + Level 2.3 Long Blades
 - Level 2.3 Armour
 + Level 1.5 Dodging
 + Level 2.4 Invocations


You had 2 spell levels left.
You didn't know any spells.
Your spell library was empty.

Inventory:

Hand Weapons
 a - a +1 falchion (weapon)
Missiles
 c - 22 sling bullets
Armour
 b - a +0 leather armour (worn)
Miscellaneous
 d - a lightning rod (inert)
   (You found it on level 2 of the Abyss)

Dungeon Overview and Level Annotations

Branches:
Dungeon (0/15)

Altars:

... . #. ##...#.. #. ##
...## #. # #..#... #. #
...... .. #. #.......
...# #. ##. #...
#...#.## # #. .#.#
#...4.@#####.###......
#.....x.##. #.#.#... #.
............. #. .#.. ##
...#.....#..####..#.....
#. ##.....##....#.###...
. .##..#. #.#...# ##.#
.......## #.#..#. ###
......#.. ... # . ###...
.#


You could see a red devil and a small abomination.


Message History

🤖 Initializing magus.rc ... ✅ Successfully initialized magus.rc [v1.9.10] Welcome, spiderkeys the Human Abyssal Knight.
Will you be the one to retrieve the fabled Orb of Zot from the depths?
Lugonu says: Depart the Abyss and spread corruption, my servant! (use the ability menu to exit the Abyss) Press ? for a list of commands and other information.
Found a corrupted altar of Lugonu.
There is a corrupted altar of Lugonu here.
You enter the shallow water.
Moving in this stuff is going to be slow.
There is a corrupted altar of Lugonu here.
Found a gateway leading deeper into the Abyss.
Found a gateway leading deeper into the Abyss.
There is a gateway leading deeper into the Abyss here.
You plunge deeper into the Abyss.
You now have 18 gold pieces.
c - 22 sling bullets
Found a lightning rod (4/4).
Found a corrupted altar of Lugonu.
d - a lightning rod (4/4)
The iron imp shouts!
Aiming: Thunderbolt
Press: ? - help, Shift-Dir - straight line, f - iron imp
Aim: an iron imp (translocational energy)
The thunderbolt hits the iron imp.
The iron imp resists.
Aiming: Thunderbolt
Press: ? - help, Shift-Dir - straight line, f/p - iron imp
Aim: an iron imp (moderately wounded)
The thunderbolt hits the iron imp.
The iron imp resists.
Aiming: Thunderbolt
Press: ? - help, Shift-Dir - straight line, f/p - iron imp
Aim: an iron imp (heavily wounded)
The thunderbolt hits the iron imp.
The iron imp resists.
Aiming: Thunderbolt
Press: ? - help, Shift-Dir - straight line, f/p - iron imp
Aim: an iron imp (almost dead)
The thunderbolt hits the iron imp.
The iron imp resists.
You kill the iron imp!
The lightning rod overheats!
Your lightning rod (1/4) has regained one charge.
You have reached level 2!
You have reached level 3!
Your experience leads to an increase in your attributes!
Increase (S)trength, (I)ntelligence, or (D)exterity?
You feel clever. 😎 HP[+11] MP[+2]
You now have 29 max hp (+11).
Your hp is fully restored (29).
Your mp is fully restored (4).
The substance of the Abyss twists violently, and a gateway leading out appears!
There is a gateway leading out of the Abyss here.
A small abomination comes into view.
Aiming: Thunderbolt
Press: ? - help, Shift-Dir - straight line, f - you That would be overly suicidal.
Okay, then.
A red devil comes into view. It is wielding a +0 trident.
Aiming: Thunderbolt
Press: ? - help, Shift-Dir - straight line, f - small abomination
Aim: a small abomination The thunderbolt hits the small abomination!
The lightning rod overheats!
You hear a bark!
You hear a chilling moan.
You hit the small abomination.
The small abomination barely misses you.
You hit the small abomination but do no damage.
The small abomination misses you.
You hit the small abomination. The small abomination hits you!
The red devil hits you from afar with a +0 trident!!
Ouch! That really hurt!
You die...

Action                   || total
-------------------------++-------
Melee: Falchion          ||     3
Evoke: Lightning rod     ||     5
Dodge: Dodged            ||     2

Levels and vault maps discovered:
Abyss:2:  base: Temple, hangedman_abyss_stitches_cave

Notes
Turn   | Place    | Note
-------+----------+-------------------------------------------
     0 | Abyss:1  | spiderkeys the Human Abyssal Knight began the quest for the
                  | Orb.
     0 | Abyss:1  | Reached XP level 1. HP: 18/18 MP: 2/2
     0 | Abyss:1  | magus.rc [v1.9.10]
    72 | Abyss:2  | Found a corrupted altar of Lugonu.
    90 | Abyss:2  | Noticed an iron imp
    95 | Abyss:2  | Killed an iron imp
    96 | Abyss:2  | Reached XP level 2. HP: 24/24 MP: 3/3
    96 | Abyss:2  | Reached XP level 3. HP: 29/29 MP: 4/4
   117 | Abyss:2  | Noticed a small abomination
   121 | Abyss:2  | Noticed a red devil
   126 | Abyss:2  | Slain by a red devil

Vanquished Creatures
  An iron imp (Abyss:2)
1 creature vanquished.

Table legend:
 A = Non-vault XP
 B = Vault XP
 C = Vault XP percentage of total XP
 D = Non-vault monster count
 E = Vault monster count
 F = Vault count percentage of total count
                 A         B        C        D         E       F
            +---------+---------+-------+---------+---------+-------
      Total |      40 |       0 |   0.0 |       1 |       0 |   0.0
            +---------+---------+-------+---------+---------+-------
    Abyss:2 |      40 |       0 |   0.0 |       1 |       0 |   0.0
            +---------+---------+-------+---------+---------+-------

Illustrated notes

Table legend:
 A = Kills in this place as a percentage of kills in entire the game.
 B = Kills by you in this place as a percentage of kills by you in the entire game.
 C = Kills by friends in this place as a percentage of kills by friends in the entire game.
 D = Other kills in this place as a percentage of other kills in the entire game.
 E = Experience gained in this place as a percentage of experience gained in the entire game.
 F = Experience gained in this place divided by the number of levels of this place that you have seen.
                   A       B       C       D       E      F
               +-------+-------+-------+-------+-------+----------------------
         Total | 100.0 | 100.0 |   N/A |   N/A | 100.0 |  20.0
         Abyss | 100.0 | 100.0 |   N/A |   N/A | 100.0 |  20.0
               +-------+-------+-------+-------+-------+----------------------

Table legend: (Time is in decaauts)
 A = Elapsed time spent in this place.
 B = Non-inter-level travel time spent in this place.
 C = Inter-level travel time spent in this place.
 D = Time resting spent in this place.
 E = Time spent auto-exploring this place.
 F = Levels seen in this place.
 G = Mean time per level.
                   A        B        C        D        E       F      G
               +--------+--------+--------+--------+--------+-----+--------+
         Total |    126 |    126 |      0 |      0 |     79 |   2 |   63.0 |
         Abyss |    126 |    126 |      0 |      0 |     79 |   2 |   63.0 |
               +--------+--------+--------+--------+--------+-----+--------+

Top non-repeatable levels by time:
 Abyss:1: 67 daAuts
 Abyss:2: 59 daAuts
